 Dungeon Crawl Stone Soup version 0.30-a0-596-g0af90f9a20 (webtiles) character file.

Game seed: 11957548457546285551

21 spardeous the Ducker (level 2, -1/11 HPs)
             Began as a Felid Earth Elementalist on Jan 7, 2023.
             Succumbed to a scorpion's poison
             ... on level 3 of the Dungeon.
             The game lasted 00:01:43 (612 turns).

spardeous the Ducker (Felid Earth Elementalist)      Turns: 612, Time: 00:01:44

Health: -1/11      AC:  1    Str:  4    XL:     2   Next: 65%
Magic:  6/6        EV: 18    Int: 16    God:
Gold:   27         SH:  0    Dex: 16    Spells: 4/5 levels left
                                        Lives:  0   Deaths: 0

rFire   . . .      SeeInvis +    (weapon unavailable)
rCold   + . .      Faith    .    (shield unavailable)
rNeg    . . .      Spirit   .    (body armour unavailable)
rPois   .          Reflect  .    (helmet unavailable)
rElec   .          Harm     .    (cloak unavailable)
rCorr   .          Rampage  .    (gloves unavailable)
Will    .....                    (boots unavailable)
Stlth   ++                       g - amulet of magic regeneration
HPRegen 0.21/turn                e - ring of protection from cold
MPRegen 0.50/turn                (no ring)

@: lethally poisoned (-1 -> -9), quick
A: very small, claws 1, fangs 3, see invisible, speed 1, shaggy fur 1, stealthy
paws, no weapons or thrown items, no armour, multi-lived
a: no special abilities


You were on level 3 of the Dungeon.
You visited 1 branch of the dungeon, and saw 3 of its levels.

You collected 27 gold pieces.

Inventory:

Jewellery
 e - a ring of protection from cold (left paw)
 g - an amulet of magic regeneration (around neck)
Scrolls
 b - 2 scrolls of identify {unknown}
 d - a scroll of magic mapping {unknown}
 i - a scroll of fog {unknown}
 j - a scroll of silence {unknown}
Potions
 a - a potion of magic
 c - 2 potions of degeneration {unknown}
 f - a potion of brilliance {unknown}
 h - a potion of ambrosia {unknown}


   Skills:
 + Level 3.6 Dodging
 - Level 2.6 Stealth
 - Level 2.0 Spellcasting
 - Level 1.1 Transmutations
 + Level 3.2 Earth Magic


You had 4 spell levels left.
You knew the following spells:

 Your Spells              Type           Power      Damage    Failure   Level
a - Sandblast             Erth           22%        2d7       5%          1

Your spell library contained the following spells:

 Spells                   Type           Power      Damage    Failure   Level
 Passwall                 Tmut/Erth      6%         N/A       13%         2
 Stone Arrow              Conj/Erth      12%        3d7       32%         3
 Petrify                  Tmut/Erth      8%         N/A       65%         4


Dungeon Overview and Level Annotations

Branches:
Dungeon (3/15)

Altars:
Zin

Shops:
D:3 [


Innate Abilities, Weirdness & Mutations

You have sharp claws.
You have razor-sharp teeth.
You have supernaturally acute eyesight. (SInv)
You cover ground quickly. (Speed+)
You are covered in fur. (AC +1)
Your paws help you pounce on unaware monsters.
You are incapable of wielding weapons or throwing items.
You cannot wear armour.
You gain extra lives every three experience levels.


Message History

The bat misses you. The bat attacks as you move away!
The bat closely misses you. The bat attacks as you move away!
The bat closely misses you. The bat barely misses you.
The bat closely misses you. x2
There is an open door here.
The bat attacks as you move away! The bat closely misses you.
The bat attacks as you move away! The bat misses you.
The bat completely misses you. The bat attacks as you move away!
The bat completely misses you. The bat barely misses you.
There is an open door here.
The bat misses you. The bat closely misses you.
The bat hits you but does no damage. The bat barely misses you.
There is an open door here.
Casting: Sandblast (safe; 5% risk of failure)
Confirm with . or Enter, or press ? or * to list all spells.
Aiming: Sandblast (safe; 5% risk of failure)
Press: ? - help, Shift-Dir - straight line, f/p - scorpion
Aim: a scorpion (heavily wounded, 82% to hit)
The blast of sand hits the scorpion but does no damage.
The scorpion is heavily wounded.
The bat closely misses you. As you open the door, it creaks loudly!
The scorpion misses you.
Found a glowing silver altar of Zin.
There is an open door here.
You open the door. The bat hits you. The scorpion stings you.
You are lethally poisoned!
The scorpion poisons you!
You feel very sick.
There is an open door here.
You feel sick. The bat hits you.
* * * LOW HITPOINT WARNING * * *
* * * LOW HITPOINT WARNING * * *
You feel sick.
There is an open door here.
You die...

### #..#.....#
#.. #..#'###+#
#.# #..#.....#
# #.#
+..+.._..+
####.##
#..#.....#
s.b...####.#
#..#s###+#
####.......#
#..#b..†.#
####.#####.#
+##'##+##+
..#..# #..@..#
#...## #.....#
....####
###'##+##+#
..#....####
#..).....#
#####.....###
#.########
#.......###.#
#####.#..<..##
#........#
#######...#


You could see a scorpion and a bat.

Vanquished Creatures
  A worm (D:2)
  A dart slug (D:2)
  2 ball pythons
  An endoplasm (D:2)
  2 giant cockroaches (D:1)
  2 hobgoblins (D:2)
  2 quokkas
  A bat (D:1)
  A frilled lizard (D:1)
  2 kobolds (D:1)
  A rat (D:2)
16 creatures vanquished.

Notes
Turn   | Place    | Note
-------+----------+-------------------------------------------
     0 | D:1      | spardeous the Felid Earth Elementalist began the quest for
                  | the Orb.
     0 | D:1      | Reached XP level 1. HP: 7/7 MP: 4/4
   192 | D:1      | Reached XP level 2. HP: 11/11 MP: 4/6
   530 | D:3      | Noticed a scorpion
   560 | D:3      | Found Askatuat's Antique Armour Shop.
   603 | D:3      | Found a glowing silver altar of Zin.
   612 | D:3      | Succumbed to a scorpion's poison

Illustrated notes

Levels and vault maps discovered:
D:1:      sevenhm_arrival_forest_fort_small_3, layout_rooms, minmay_pentomino_s4
D:2:      layout_basic, kennysheep_generic_room_15
D:3:      layout_rooms, mainiacjoe_overflow_24_doors, serial_shops, shop

Skill      XL: |  1 |
---------------+----+-----
Dodging        | 3 |  3.6
Earth Magic    | 3 |  3.2
Stealth        | |  2.6
Spellcasting   | |  2.0
Transmutations | |  1.1

Action                   || total
-------------------------++-------
Melee: Unarmed           ||    10
       Bite              ||     3
 Cast: Sandblast         ||    29
Armor: Skin              ||     6
Dodge: Dodged            ||    46

Table legend: (Time is in decaauts)
 A = Elapsed time spent in this place.
 B = Non-inter-level travel time spent in this place.
 C = Inter-level travel time spent in this place.
 D = Time resting spent in this place.
 E = Time spent auto-exploring this place.
 F = Levels seen in this place.
 G = Mean time per level.
                   A        B        C        D        E       F      G
               +--------+--------+--------+--------+--------+-----+--------+
         Total |    542 |    542 |      0 |      0 |    309 |   3 |  180.7 |
       Dungeon |    542 |    542 |      0 |      0 |    309 |   3 |  180.7 |
               +--------+--------+--------+--------+--------+-----+--------+

Top non-repeatable levels by time:
     D:1: 229 daAuts
     D:2: 222 daAuts
     D:3: 90 daAuts
